 Dungeon Crawl Stone Soup version 0.27.1-33-g824d729ab1 (webtiles) character file.

Game seed: 13880808870975726017

0 zeram the Sneak (level 1, 0/9 HPs)
             Began as a Spriggan Enchanter on Dec 24, 2021.
             Slain by a ball python (3 damage)
             ... on level 1 of the Dungeon.
             The game lasted 00:01:04 (110 turns).

zeram the Sneak (Spriggan Enchanter)                 Turns: 110, Time: 00:01:05

Health: 0/9        AC:  2    Str:  4    XL:     1   Next: 0%
Magic:  4/5        EV: 17    Int: 16    God:
Gold:   15         SH:  0    Dex: 15    Spells: 4/5 levels left

rFire    . . .     SeeInvis +   a - +1 dagger
rCold    . . .     Faith    .   (shield restricted)
rNeg     . . .     Spirit   .   b - +0 robe
rPois    .         Reflect  .   (helmet restricted)
rElec    .         Harm     .   (no cloak)
rCorr    .         Rampage  .   (gloves unavailable)
Will     .....                  (boots unavailable)
Stlth    +++.......             (no amulet)
HPRegen  0.03/turn              (no ring)
MPRegen  0.09/turn              (no ring)

@: very quick
A: very small, no large weapons, unfitting armour, see invisible, speed 3
a: no special abilities


You were on level 1 of the Dungeon.
You visited 1 branch of the dungeon, and saw 1 of its levels.

You collected 15 gold pieces.

Inventory:

Hand Weapons
 a - a +1 dagger (weapon)
Armour
 b - a +0 robe (worn)
Potions
 c - a potion of attraction {unknown}


   Skills:
 + Level 1.1 Short Blades
 + Level 2.6 Dodging
 + Level 4.4 Stealth
 + Level 2.6 Spellcasting
 + Level 3.6 Hexes


You had 4 spell levels left.
You knew the following spells:

 Your Spells              Type           Power      Damage    Failure   Level
a - Corona                Hex            14%        N/A       4%          1

Your spell library contained the following spells:

 Spells                   Type           Power      Damage    Failure   Level
 Confusing Touch          Hex            13%        N/A       13%         3
 Tukima's Dance           Hex            13%        N/A       13%         3
 Ensorcelled Hibernation  Hex/Ice        14%        N/A       14%         2
 Dazzling Flash           Conj/Hex       14%        N/A       28%         3


Dungeon Overview and Level Annotations

Branches:
Dungeon (1/15)

Altars:


Innate Abilities, Weirdness & Mutations

You are very small and have problems with some larger weapons.
You are too small for most types of armour.
You have supernaturally acute eyesight. (SInv)
You cover ground extremely quickly. (Speed+++)


Message History

There is an open door here.
Found an inky potion.
A ball python comes into view.
A ball python is nearby!
A ball python is nearby!
A ball python is nearby!
A ball python is nearby!
A kobold comes into view. It is wielding a +0 dagger.
The ball python hisses angrily.
The ball python misses you. The ball python completely misses you.
You completely miss the ball python. The ball python barely misses you. x2
You barely miss the ball python. The ball python completely misses you.
The ball python misses you.
You closely miss the kobold. The ball python bites you.
The ball python misses you. The kobold hits you with a +0 dagger.
You are too injured to fight recklessly!
You barely miss the kobold. The ball python barely misses you.
The ball python closely misses you. The kobold hits you with a +0 dagger.
* * * LOW HITPOINT WARNING * * *
There is an open door here.
You close the door.
A kobold opens the door.
You hit the fungus.
The fungus begins to die.
The fungus is lightly damaged.
Why would you want to do that?
Casting: Corona (safe; 4% risk of failure)
Confirm with . or Enter, or press ? or * to list all spells.
Aiming: Corona (safe; 4% risk of failure)
Press: ? - help, Shift-Dir - straight line, f - ball python
Aim: a ball python (chance to affect: 67%)
The ball python is outlined in light.
A nearby fungus withers and dies.
You are too injured to fight recklessly!
You are too injured to fight recklessly!
You barely miss the ball python.
The ball python bites you but does no damage.
The ball python closely misses you.
You hit the ball python.
The ball python is severely wounded.
The ball python bites you.
You die...

#### #### ###≈≈# ##..##
###≈≈≈@#### ###.#..###
#≈≈≈≈≈.SK.## #...###..# ..##
≈≈##≈#####..###..###.##.
.......#### # ##.P#....#####.
..........### ##.###.#.# ##
............## ##..###..### +
.............## #..###.....## .#
..............# ##S###.......#...
..............###'###...###.....#


You could see a ball python (corona) and a kobold.

Vanquished Creatures (others)
  A fungus (D:1)
1 creature vanquished.

Notes
Turn   | Place    | Note
-------+----------+-------------------------------------------
     0 | D:1      | zeram the Spriggan Enchanter began the quest for the Orb.
     0 | D:1      | Reached XP level 1. HP: 9/9 MP: 5/5
   110 | D:1      | Slain by a ball python

Illustrated notes

Levels and vault maps discovered:
D:1:      dpeg_cavernosity, layout_basic, minmay_misc_feat_ornament

Action                   || total
-------------------------++-------
Melee: Dagger            ||     7
 Cast: Corona            ||     1
Armor: Robe              ||     1
Dodge: Dodged            ||    10
